 Dungeon Crawl Stone Soup version 0.18-a0-739-gdae9da8 (webtiles) character file.

94 FilthyCasual the Insei (level 4, -1/35 HPs)
             Began as a Mummy Monk on Dec 10, 2015.
             Slain by an orc wizard
             ... wielding a +0 dagger of protection
              (3 damage)
             ... on level 3 of the Dungeon.
             The game lasted 00:02:22 (2434 turns).

FilthyCasual the Insei (Mummy Monk)                 Turns: 2434, Time: 00:02:22

Health: -1/35      AC:  7    Str: 14    XL:     4   Next: 38%
Magic:  4/4        EV: 11    Int:  9    God:
Gold:   126        SH:  0    Dex: 15    Spells: 0 memorised, 3 levels left

rFire  x . .     SeeInvis .       - Unarmed
rCold  + . .     Clarity  .     g - +0 ring mail
rNeg   + + +     SustAt   .     (no shield)
rPois  ∞         Gourm    .     (no helmet)
rElec  .         Spirit   .     e - +1 cloak
rCorr  .         Dismiss  .     (no gloves)
rMut   .         Stasis   .     (no boots)
MR     .....                    (no amulet)
Stlth  +.........               (no ring)
                                (no ring)

@: not resistant to hostile enchantments, very unstealthy
A: no food or potions, fire vulnerability, cold resistance 1, negative energy
resistance 3, torment resistance, unbreathing
a: no special abilities


You were on level 3 of the Dungeon.
You were not hungry.

You visited 1 branch of the dungeon, and saw 4 of its levels.

You collected 126 gold pieces.


Innate Abilities, Weirdness & Mutations

You do not eat or drink.
Your flesh is vulnerable to fire.
You are immune to poison.
Your flesh is cold resistant.
You are immune to negative energy.
You are immune to unholy pain and torment.
You can survive without breathing.


   Skills:
 - Level 3.0 Fighting
 - Level 2.4 Dodging
 - Level 1.5 Stealth
 + Level 4.9 Unarmed Combat


You had 3 spell levels left.
You didn't know any spells.

Inventory:

Armour
 a - a +0 robe
 e - a +1 cloak (worn)
 g - a +0 ring mail (worn)
Scrolls
 b - a scroll of remove curse {unknown}
 c - a scroll of recharging {unknown}
 d - 3 scrolls of identify {unknown}
 f - a scroll of teleportation {unknown}

Dungeon Overview and Level Annotations

Branches:
Dungeon (4/15)
 Temple: D:4-7

Altars:

Annotations:
D:4 Dowan, Duvessa

▒▒▒▒.......▒▒▒▒.▒.▒
▒......<'..▒.▒.▒
▒......[▒▒.▒>▒.▒
▒.......'..▒...▒
▒.......▒▒▒▒▒▒▒▒
▒.....).o......▒
▒▒▒▒▒.▒▒▒▒▒▒▒▒.▒
▒▒▒▒▒▒▒▒.▒▒▒▒▒▒▒▒o▒
................M>▒
▒.▒▒▒▒▒▒.▒▒▒▒▒▒▒▒▒▒
▒.▒ ▒.▒ ▒.▒▒▒▒▒▒.▒
▒........▒
..▒▒▒▒▒▒▒▒ ▒.▒ ▒.▒
▒▒▒


You could see an orc wizard.


Message History

You barely miss the orc wizard.
The orc wizard is heavily wounded.
The orc wizard barely misses you.
You hit the orc wizard but do no damage.
The orc wizard is heavily wounded.
The orc wizard hits you but does no damage.
You hit the orc wizard but do no damage.
The orc wizard is heavily wounded.
The orc wizard points at you and mumbles some strange words.
The magic dart hits you!
* * * LOW HITPOINT WARNING * * *
The orc wizard casts a spell at you. The puff of frost hits you! You resist.
* * * LOW HITPOINT WARNING * * *
You closely miss the orc wizard.
The orc wizard is heavily wounded.
The orc wizard hits you but does no damage.
You hit the orc wizard but do no damage.
The orc wizard is heavily wounded.
The orc wizard barely misses you.
You hit the orc wizard.
The orc wizard is heavily wounded.
The orc wizard gestures at you while chanting.
The puff of frost hits you! You resist.
* * * LOW HITPOINT WARNING * * *
The orc wizard hits you but does no damage.
You barely miss the orc wizard.
The orc wizard is heavily wounded.
The orc wizard hits you with a dagger of protection.
You die...

Action                   |  1- 3 |  4- 6 || total
-------------------------+-------+-------++-------
Melee: Unarmed           |   199 |    18 ||   217
 Stab: Sleeping          |     1 |       ||     1

Vault maps used:
D:1:      nicolae_arrival_washed_ashore, kennysheep_decorative_pillar,
          minmay_stone_trees_small, minmay_tree_intersection,
          wad_woods_river_04, hangedman_abyss_or_decor_stabs
D:3:      lemuel_doored_altar, lemuel_coloured_pillars_altar
D:4:      grunt_temple_overflow_open, uniq_menkaure, uniq_duvessa, uniq_robin

Notes
Turn   | Place    | Note
--------------------------------------------------------------
     0 | D:1      | FilthyCasual the Mummy Monk began the quest for the Orb.
     0 | D:1      | Reached XP level 1. HP: 18/18 MP: 1/1
    95 | D:1      | Reached XP level 2. HP: 14/24 MP: 2/2
   626 | D:1      | Reached skill level 4 in Unarmed Combat
  1061 | D:1      | Reached XP level 3. HP: 29/29 MP: 3/3
  2172 | D:3      | Reached XP level 4. HP: 10/35 MP: 4/4
  2414 | D:4      | Noticed Duvessa
  2414 | D:4      | Noticed Dowan
  2430 | D:3      | HP: 3/35 [orc wizard/puff of frost (3)]
  2434 | D:3      | Slain by an orc wizard

Vanquished Creatures
  An orc wizard (D:3)
  An adder (D:2)
  3 giant geckos
  2 orcs (D:3)
  A giant cockroach (D:2)
  9 goblins
  6 hobgoblins (D:1)
  3 jackals (D:2)
  A quokka (D:2)
  2 ball pythons
  6 bats
  4 giant newts
  12 kobolds
  5 rats
56 creatures vanquished.
